PAAA
ALLOWAY HALBERDS @ OCEANSIDE OCEANLINERS
08/01/2017
 
TOP OF THE 1ST
Bay City Bombers batting - Pitching for Salt Lake City Buzz : LHP Alec Pittman
Pitching: LHP Alec Pittman
Batting: RHB Jim Unknown 0-0: Called Strike
0-1: SOLO HOME RUN (Flyball, 7D), Distance : 388 ft
Batting: LHB Mito Rin 0-0: Called Strike
0-1: Ball
1-1: SINGLE (Groundball, 4)
Batting: RHB Jim Unknown 0-0: Foul Ball, location: 2F
0-1: Ball
1-1: TRIPLE (Line Drive, 5L)
Mito Rin scores
Batting: RHB Jim Unknown 0-0: Ball
1-0: Swinging Strike
1-1: Ball
2-1: SINGLE (Line Drive, 6M)
Jim Unknown scores
Batting: RHB Jim Unknown 0-0: Called Strike
0-1: Foul Ball, location: 2F
0-2: Ball
1-2: Strikes out looking
Batting: LHB Neil Lawson 0-0: Called Strike
0-1: Swinging Strike
0-2: Foul Ball, location: 2F
0-2: Ball
1-2: Strikes out looking
Batting: LHB Guy Riley 0-0: Fly out, F7 (Flyball, 78M)
Top of the 1st over - 3 run(s), 4 hit(s), 0 error(s), 1 left on base; Bay City 3 - Salt Lake City 0
BOTTOM OF THE 1ST
Salt Lake City Buzz batting - Pitching for Bay City Bombers : RHP Jim Unknown
Pitching: RHP Jim Unknown
Batting: RHB Jim Coffey 0-0: Ball
1-0: Ball
2-0: Called Strike
2-1: Ground out 1-3 (Groundball, 15)
Batting: RHB Jason Delaney 0-0: Ball
1-0: Foul Ball, location: 2F
1-1: Ball
2-1: Foul Ball, location: 2F
2-2: Ball
3-2: Ground out 6-3 (Groundball, 6)
Batting: LHB William Hansen 0-0: Ball
1-0: Called Strike
1-1: Fly out, F8 (Flyball, 8LM)
Bottom of the 1st over - 0 run(s), 0 hit(s), 0 error(s), 0 left on base; Bay City 3 - Salt Lake City 0
TOP OF THE 2ND
Bay City Bombers batting - Pitching for Salt Lake City Buzz : LHP Alec Pittman
Batting: RHB Aaron Phillips 0-0: Foul Ball, location: 2F
0-1: Called Strike
0-2: Fly out, F9 (Flyball, 89XD)
Batting: RHB Jim Unknown 0-0: Ball
1-0: SINGLE (Line Drive, 4MD)
Batting: RHB Jim Unknown 0-0: Called Strike
0-1: Called Strike
0-2: Ball
1-2: Ball
2-2: Grounds into double play, 4-6-3 (Groundball, 4)
Top of the 2nd over - 0 run(s), 1 hit(s), 0 error(s), 0 left on base; Bay City 3 - Salt Lake City 0
BOTTOM OF THE 2ND
Salt Lake City Buzz batting - Pitching for Bay City Bombers : RHP Jim Unknown
Batting: RHB Don MacNeilage 0-0: Ball
1-0: Ball
2-0: Called Strike
2-1: Foul Ball, location: 2F
2-2: Ball
3-2: Foul Ball, location: 2F
3-2: Fly out, F8 (Flyball, 8RXD)
Batting: RHB Julián Guzmán 0-0: Ball
1-0: Fly out, F9 (Flyball, 9LSF)
Batting: LHB Iván Gonzáles 0-0: Ball
1-0: Called Strike
1-1: Called Strike
1-2: Foul Ball, location: 2F
1-2: SOLO HOME RUN (Flyball, 89XD), Distance : 428 ft
Batting: RHB Steffen Taylor 0-0: Called Strike
0-1: Fly out, F9 (Flyball, 89M)
Bottom of the 2nd over - 1 run(s), 1 hit(s), 0 error(s), 0 left on base; Bay City 3 - Salt Lake City 1
TOP OF THE 3RD
Bay City Bombers batting - Pitching for Salt Lake City Buzz : LHP Alec Pittman
Batting: LHB Mito Rin 0-0: Called Strike
0-1: Ball
1-1: Ball
2-1: Ball
3-1: Called Strike
3-2: Strikes out swinging
Batting: RHB Jim Unknown 0-0: Ball
1-0: Ball
2-0: TRIPLE (Flyball, 89M)
Batting: RHB Jim Unknown 0-0: Ball
1-0: Called Strike
1-1: Swinging Strike
1-2: Strikes out swinging
Batting: RHB Jim Unknown 0-0: Ball
1-0: Foul Ball, location: 2F
1-1: SINGLE (Line Drive, 89M)
Jim Unknown scores
Batting: LHB Neil Lawson 0-0: Called Strike
0-1: Swinging Strike
0-2: Foul Ball, location: 2F
0-2: Ball
1-2: Strikes out swinging
Top of the 3rd over - 1 run(s), 2 hit(s), 0 error(s), 1 left on base; Bay City 4 - Salt Lake City 1
BOTTOM OF THE 3RD
Salt Lake City Buzz batting - Pitching for Bay City Bombers : RHP Jim Unknown
Batting: RHB Ugo Brandini 0-0: Swinging Strike
0-1: Called Strike
0-2: Ball
1-2: Ball
2-2: Fly out, F7 (Flyball, 78D)
Batting: RHB Ángel Bruno 0-0: Ball
1-0: Called Strike
1-1: Swinging Strike
1-2: Ball
2-2: Ball
3-2: Ground out 1-3 (Groundball, 23)
Batting: RHB Jim Coffey 0-0: Swinging Strike
0-1: Swinging Strike
0-2: Fly out, F9 (Flyball, 9D)
Bottom of the 3rd over - 0 run(s), 0 hit(s), 0 error(s), 0 left on base; Bay City 4 - Salt Lake City 1
TOP OF THE 4TH
Bay City Bombers batting - Pitching for Salt Lake City Buzz : LHP Alec Pittman
Batting: LHB Guy Riley 0-0: Fly out, F5 (Popup, 5F)
Batting: RHB Aaron Phillips 0-0: Ball
1-0: Ball
2-0: Ball
3-0: Called Strike
3-1: Fly out, F8 (Flyball, 8LD)
Batting: RHB Jim Unknown 0-0: Called Strike
0-1: Called Strike
0-2: Ball
1-2: Foul Ball, location: 2F
1-2: Ground out 5-3 (Groundball, 56)
Top of the 4th over - 0 run(s), 0 hit(s), 0 error(s), 0 left on base; Bay City 4 - Salt Lake City 1
BOTTOM OF THE 4TH
Salt Lake City Buzz batting - Pitching for Bay City Bombers : RHP Jim Unknown
Batting: RHB Jason Delaney 0-0: Ball
1-0: Called Strike
1-1: Swinging Strike
1-2: Ball
2-2: Ball
3-2: Ground out 3-1 (Groundball, 34)
Batting: LHB William Hansen 0-0: Ball
1-0: Foul Ball, location: 2F
1-1: Ball
2-1: Foul Ball, location: 2F
2-2: SINGLE (Line Drive, 34D)
Batting: RHB Don MacNeilage 0-0: Ball
1-0: Called Strike
1-1: Called Strike
1-2: Ball
2-2: Grounds into double play, 5-4-3 (Groundball, 56)
Bottom of the 4th over - 0 run(s), 1 hit(s), 0 error(s), 0 left on base; Bay City 4 - Salt Lake City 1
TOP OF THE 5TH
Bay City Bombers batting - Pitching for Salt Lake City Buzz : LHP Alec Pittman
Batting: RHB Jim Unknown 0-0: Ball
1-0: Ball
2-0: Called Strike
2-1: Ground out 5-3 (Groundball, 5S)
Batting: LHB Mito Rin 0-0: Called Strike
0-1: Ball
1-1: Foul Ball, location: 2F
1-2: Ball
2-2: Foul Ball, location: 2F
2-2: Strikes out swinging
Batting: RHB Jim Unknown 0-0: SINGLE (Groundball, 13S) (infield hit)
Batting: RHB Jim Unknown 0-0: Foul Ball, location: 2F
0-1: Swinging Strike
0-2: Ball
1-2: SINGLE (Line Drive, 4D)
Jim Unknown to second
Batting: RHB Jim Unknown 0-0: Ball
1-0: Foul Ball, location: 2F
1-1: Foul Ball, location: 2F
1-2: SINGLE (Line Drive, 34D)
Jim Unknown to third
Jim Unknown to second
Batting: LHB Neil Lawson 0-0: Foul Ball, location: 2F
0-1: Called Strike
0-2: Ball
1-2: Ball
2-2: Strikes out looking
Top of the 5th over - 0 run(s), 3 hit(s), 0 error(s), 3 left on base; Bay City 4 - Salt Lake City 1
BOTTOM OF THE 5TH
Salt Lake City Buzz batting - Pitching for Bay City Bombers : RHP Jim Unknown
Batting: RHB Julián Guzmán 0-0: Ball
1-0: Ball
2-0: Foul Ball, location: 2F
2-1: Foul Ball, location: 2F
2-2: Ball
3-2: Foul Ball, location: 2F
3-2: Base on Balls
Batting: LHB Iván Gonzáles 0-0: Swinging Strike
0-1: Ball
1-1: Foul Ball, location: 2F
1-2: Fly out, F7 (Line Drive, 7M)
Batting: RHB Steffen Taylor 0-0: Ball
1-0: Ball
2-0: Called Strike
2-1: Called Strike
2-2: DOUBLE (Groundball, 5L)
Julián Guzmán to third
Runner from 3rd tries for Home, SAFE, no throw or cutoff
Batting: RHB Ugo Brandini 0-0: Swinging Strike
0-1: Fly out, F9 (Flyball, 89M)
Batting: RHB Ángel Bruno 0-0: Ball
1-0: Ball
2-0: Ground out 2-3 (Groundball, 2R)
Bottom of the 5th over - 1 run(s), 1 hit(s), 0 error(s), 1 left on base; Bay City 4 - Salt Lake City 2
TOP OF THE 6TH
Bay City Bombers batting - Pitching for Salt Lake City Buzz : LHP Alec Pittman
Batting: LHB Guy Riley 0-0: SINGLE (Flyball, 8RS)
Batting: RHB Aaron Phillips 0-0: Ball
1-0: Swinging Strike
1-1: Fly out, F2 (Popup, 2RF)
Batting: RHB Jim Unknown 0-0: Ball
1-0: Foul Ball, location: 2F
1-1: Foul Ball, location: 2F
1-2: Foul Ball, location: 2F
1-2: Foul Ball, location: 2F
1-2: Ball
2-2: Ball
3-2: Grounds into double play, 6-4-3 (Groundball, 6)
Top of the 6th over - 0 run(s), 1 hit(s), 0 error(s), 0 left on base; Bay City 4 - Salt Lake City 2
BOTTOM OF THE 6TH
Salt Lake City Buzz batting - Pitching for Bay City Bombers : RHP Jim Unknown
Batting: RHB Jim Coffey 0-0: Ball
1-0: SINGLE (Line Drive, 6MD)
Batting: RHB Jason Delaney 0-0: Ball
1-0: Called Strike
1-1: Called Strike
1-2: Strikes out swinging
Batting: LHB William Hansen 0-0: Swinging Strike
0-1: Ball
1-1: Ball
2-1: Ball
3-1: Swinging Strike
3-2: Base on Balls
Jim Coffey to second
Batting: RHB Don MacNeilage 0-0: Grounds into double play, 6-4-3 (Groundball, 6)
Bottom of the 6th over - 0 run(s), 1 hit(s), 0 error(s), 1 left on base; Bay City 4 - Salt Lake City 2
TOP OF THE 7TH
Bay City Bombers batting - Pitching for Salt Lake City Buzz : LHP Alec Pittman
Batting: RHB Jim Unknown 0-0: Called Strike
0-1: Ball
1-1: Ball
2-1: Foul Ball, location: 2F
2-2: Ground out 6-3 (Groundball, 6M)
Batting: LHB Mito Rin 0-0: Ball
1-0: Swinging Strike
1-1: Called Strike
1-2: Ball
2-2: Strikes out swinging
Batting: RHB Jim Unknown 0-0: Called Strike
0-1: Ball
1-1: Foul Ball, location: 2F
1-2: Ball
2-2: SINGLE (Line Drive, 6MD)
Pitching: RHP Shane Giles
Batting: RHB Jim Unknown 0-0: Called Strike
0-1: Fly out, F2 (Popup, 2LF)
Top of the 7th over - 0 run(s), 1 hit(s), 0 error(s), 1 left on base; Bay City 4 - Salt Lake City 2
BOTTOM OF THE 7TH
Salt Lake City Buzz batting - Pitching for Bay City Bombers : RHP Jim Unknown
Batting: RHB Julián Guzmán 0-0: Ball
1-0: Ball
2-0: Called Strike
2-1: SINGLE (Flyball, 4D)
Batting: LHB Iván Gonzáles 0-0: Fielders Choice at 2nd, 1-4 (Groundball, 13)
Batting: RHB Steffen Taylor 0-0: Ball
1-0: Ball
2-0: Ball
3-0: Called Strike
3-1: SINGLE (Line Drive, 6M)
Iván Gonzáles to second
Pinch Hitting: LHB Fernando González 0-0: Ball
Wild Pitch!
Iván Gonzáles to third
Steffen Taylor to second
1-0: Ball
2-0: Ball
3-0: Called Strike
3-1: Base on Balls
Pinch Hitting: RHB Marv White 0-0: Ball
1-0: Called Strike
1-1: SINGLE (Line Drive, 56)
Iván Gonzáles scores
Steffen Taylor to third
Fernando González to second
Pinch Hitting: LHB Frank Bass 0-0: Swinging Strike
0-1: Foul Ball, location: 2F
0-2: Ball
Wild Pitch!
Steffen Taylor scores
Fernando González to third
Marv White to second
1-2: Ground out 4-3 (Groundball, 4)
Pitching: RHP Milton Anderson
Batting: RHB Jason Delaney 0-0: Fly out, F6 (Line Drive, 6D)
Bottom of the 7th over - 2 run(s), 3 hit(s), 0 error(s), 2 left on base; Bay City 4 - Salt Lake City 4
TOP OF THE 8TH
Bay City Bombers batting - Pitching for Salt Lake City Buzz : RHP Shane Giles
Now at 2B: Marv White
Now at 3B: Jack Alexander
Now in LF: Jim Unknown
Batting: RHB Jim Unknown 0-0: Ball
1-0: Called Strike
1-1: Foul Ball, location: 2F
1-2: SINGLE (Flyball, 4D) - OUT at second base trying to stretch hit.
Pitching: LHP Sam Chan
Batting: LHB Neil Lawson 0-0: Ball
1-0: Fly out, F9 (Flyball, 9LS)
Pitching: RHP Jeffrey Mack
Batting: LHB Guy Riley 0-0: Ball
1-0: Swinging Strike
1-1: Fly out, F9 (Flyball, 89S)
Top of the 8th over - 0 run(s), 1 hit(s), 0 error(s), 0 left on base; Bay City 4 - Salt Lake City 4
BOTTOM OF THE 8TH
Salt Lake City Buzz batting - Pitching for Bay City Bombers : RHP Milton Anderson
Batting: LHB William Hansen 0-0: Ball
1-0: Swinging Strike
1-1: Ball
2-1: Fly out, F8 (Flyball, 8RM)
Batting: RHB Don MacNeilage 0-0: Foul Ball, location: 2F
0-1: Foul Ball, location: 2F
0-2: Ball
1-2: Strikes out swinging
Batting: RHB Julián Guzmán 0-0: SINGLE (Flyball, 7S)
Batting: LHB Iván Gonzáles 0-0: Called Strike
0-1: Ball
1-1: Ball
2-1: Ball
3-1: Called Strike
3-2: Base on Balls
Julián Guzmán to second
Batting: RHB Steffen Taylor 0-0: Called Strike
0-1: Ball
1-1: Fielders Choice at 2nd, U6 (Groundball, 6M)
Bottom of the 8th over - 0 run(s), 1 hit(s), 0 error(s), 2 left on base; Bay City 4 - Salt Lake City 4
TOP OF THE 9TH
Bay City Bombers batting - Pitching for Salt Lake City Buzz : RHP Jeffrey Mack
Pinch Hitting: RHB Jim Unknown 0-0: Fly out, F9 (Line Drive, 9M)
Batting: RHB Jim Unknown 0-0: Ball
1-0: Called Strike
1-1: Ball
2-1: Foul Ball, location: 2F
2-2: Foul Ball, location: 2F
2-2: Foul Ball, location: 2F
2-2: Fly out, F4 (Popup, 4)
Batting: RHB Jim Unknown 0-0: Ball
1-0: Called Strike
1-1: Swinging Strike
1-2: Foul Ball, location: 2F
1-2: Strikes out swinging
Top of the 9th over - 0 run(s), 0 hit(s), 0 error(s), 0 left on base; Bay City 4 - Salt Lake City 4
BOTTOM OF THE 9TH
Salt Lake City Buzz batting - Pitching for Bay City Bombers : RHP Milton Anderson
Pitching: RHP Jim Unknown
Now in LF: Jim Unknown
Batting: RHB Jack Alexander 0-0: Ball
1-0: SINGLE (Groundball, 4)
Batting: RHB Marv White 0-0: Ball
1-0: Bunted foul
1-1: Sac Bunt - play at first, batter OUT! 1-4
Jack Alexander to second
Batting: RHB Jim Unknown 0-0: Ball
1-0: Ball
2-0: Called Strike
2-1: Swinging Strike
2-2: Foul Ball, location: 2F
2-2: Fly out, F5 (Line Drive, 56)
Batting: RHB Jason Delaney 0-0: Ball
1-0: Foul Ball, location: 2F
1-1: Swinging Strike
1-2: Ground out U3 (Groundball, 3S)
Bottom of the 9th over - 0 run(s), 1 hit(s), 0 error(s), 1 left on base; Bay City 4 - Salt Lake City 4
TOP OF THE 10TH
Bay City Bombers batting - Pitching for Salt Lake City Buzz : RHP Jeffrey Mack
Batting: LHB Mito Rin 0-0: Ball
1-0: Called Strike
1-1: Called Strike
1-2: Foul Ball, location: 2F
1-2: Strikes out swinging
Batting: RHB Jim Unknown 0-0: Called Strike
0-1: Hit by Pitch
Batting: RHB Jim Unknown 0-0: Foul Ball, location: 2F
0-1: Ball
1-1: Foul Ball, location: 2F
1-2: Foul Ball, location: 2F
1-2: Foul Ball, location: 2F
1-2: Ball
2-2: Strikes out swinging
Batting: RHB Jim Unknown 0-0: Fly out, F7 (Flyball, 7LM)
Top of the 10th over - 0 run(s), 0 hit(s), 0 error(s), 1 left on base; Bay City 4 - Salt Lake City 4
BOTTOM OF THE 10TH
Salt Lake City Buzz batting - Pitching for Bay City Bombers : RHP Jim Unknown
Batting: LHB William Hansen 0-0: Called Strike
0-1: Ball
1-1: Ground out 6-3 (Groundball, 6M)
Batting: RHB Don MacNeilage 0-0: Ball
1-0: Ball
2-0: Ball
3-0: Called Strike
3-1: Fly out, F9 (Flyball, 9LM)
Batting: RHB Julián Guzmán 0-0: Ball
1-0: Ball
2-0: Ball
3-0: Called Strike
3-1: Fly out, F8 (Line Drive, 8LD)
Bottom of the 10th over - 0 run(s), 0 hit(s), 0 error(s), 0 left on base; Bay City 4 - Salt Lake City 4
TOP OF THE 11TH
Bay City Bombers batting - Pitching for Salt Lake City Buzz : RHP Jeffrey Mack
Batting: LHB Neil Lawson 0-0: Ball
1-0: Foul Ball, location: 2F
1-1: Foul Ball, location: 2F
1-2: Foul Ball, location: 2F
1-2: Foul Ball, location: 2F
1-2: Foul Ball, location: 2F
1-2: DOUBLE (Line Drive, 8LXD)
Batting: LHB Guy Riley 0-0: Called Strike
0-1: Ball
1-1: Ball
2-1: TRIPLE (Flyball, 8RM)
Neil Lawson scores
Pitching: RHP Roberto Ybarra
Batting: RHB Jim Unknown 0-0: Called Strike
0-1: Ball
1-1: Foul Ball, location: 2F
1-2: Strikes out looking
Batting: RHB Jim Unknown 0-0: Ball
1-0: Swinging Strike
1-1: Fly out, F8 (Flyball, 8LM)
Runner from 3rd tags up, SCORES, no throw
Batting: RHB Jim Unknown 0-0: Ball
1-0: Ball
2-0: Ball
3-0: Called Strike
3-1: DOUBLE (Line Drive, 8LM)
Batting: LHB Mito Rin 0-0: Called Strike
0-1: Ball
1-1: Ball
2-1: Ball
3-1: Base on Balls
Batting: RHB Jim Unknown 0-0: Swinging Strike
0-1: Ball
1-1: Foul Ball, location: 2F
1-2: Ball
2-2: Ball
3-2: Foul Ball, location: 2F
3-2: Base on Balls
Jim Unknown to third
Mito Rin to second
Batting: RHB Jim Unknown 0-0: Called Strike
0-1: Called Strike
0-2: Foul Ball, location: 2F
0-2: Ball
1-2: Ground out 5-3 (Groundball, 5)
Top of the 11th over - 2 run(s), 3 hit(s), 0 error(s), 3 left on base; Bay City 6 - Salt Lake City 4
BOTTOM OF THE 11TH
Salt Lake City Buzz batting - Pitching for Bay City Bombers : RHP Jim Unknown
Pitching: LHP Juan Correa
Batting: LHB Iván Gonzáles 0-0: Called Strike
0-1: Ball
1-1: Foul Ball, location: 2F
1-2: Ball
2-2: Ball
3-2: Fly out, F7 (Flyball, 78D)
Batting: RHB Steffen Taylor 0-0: Fly out, F9 (Flyball, 9M)
Batting: RHB Jack Alexander 0-0: Foul Ball, location: 2F
0-1: Ball
1-1: Ball
2-1: Ball
3-1: Foul Ball, location: 2F
3-2: Strikes out looking
Bottom of the 11th over - 0 run(s), 0 hit(s), 0 error(s), 0 left on base; Bay City 6 - Salt Lake City 4
This league is powered by Out of the Park Baseball, the baseball management simulation game for PC, Mac and Linux
Saturday, February 27th, 2021 - OOTP Baseball 15.6 Build 34